 Dungeon Crawl Stone Soup version 0.30-a0-341-g682706514a (webtiles) character file.

Game seed: 16311039090013853566

8117 HoaS the Markstengu (level 11, -10/65 HPs)
             Began as a Tengu Hunter on Nov 4, 2022.
             Was a Priest of Makhleb.
             Mangled by a boulder beetle (19 damage)
             ... on level 11 of the Dungeon.
             The game lasted 00:29:48 (11720 turns).

HoaS the Markstengu (Tengu Hunter)                 Turns: 11720, Time: 00:29:48

Health: -10/65     AC: 15    Str: 11    XL:     11   Next: 25%
Magic:  12/12      EV: 22    Int: 11    God:    Makhleb [***...]
Gold:   195        SH:  0    Dex: 21    Spells: 10/10 levels left

rFire   . . .      SeeInvis .    a - +4 shortbow
rCold   . . .      Faith    .    (shield currently unavailable)
rNeg    . . .      Spirit   .    g - +0 acid dragon scales
rPois   .          Reflect  .    (helmet restricted)
rElec   .          Harm     .    p - +1 cloak
rCorr   +          Rampage  .    h - +1 pair of gloves
Will    .....                    (boots unavailable)
Stlth   ++........               (no amulet)
HPRegen 0.30/turn                d - +4 ring of evasion
MPRegen 0.13/turn                z - +4 ring of protection

@: flying quickly and evasively, quick
A: beak, talons 3, nimble flight
a: Renounce Religion, Minor Destruction, Lesser Servant of Makhleb


You were on level 11 of the Dungeon.
You worshipped Makhleb.
Makhleb was most pleased with you.
You visited 3 branches of the dungeon, and saw 14 of its levels.

You collected 1230 gold pieces.
You spent 1035 gold pieces at shops.

Inventory:

Hand Weapons
 a - a +4 shortbow (weapon)
Armour
 g - +0 acid dragon scales (worn)
 h - a +1 pair of gloves (worn)
 p - a +1 cloak (worn)
Jewellery
 d - a +4 ring of evasion (left hand)
 o - a ring of fire
 u - a ring of protection from fire
 w - a +4 ring of evasion
 z - a +4 ring of protection (right hand)
Wands
 s - a wand of flame (13)
Scrolls
 b - a scroll of immolation
 c - 3 scrolls of teleportation
 i - 4 scrolls of butterflies
 y - a scroll of magic mapping
Potions
 e - 2 potions of berserk rage
 j - a potion of cancellation
 k - 3 potions of curing
 l - 3 potions of mutation
 m - 2 potions of resistance
 n - a potion of ambrosia
 q - a potion of lignification
 r - 3 potions of might
 v - a potion of attraction
 x - a potion of heal wounds
 A - a potion of haste


   Skills:
 * Level 6.3 Fighting
 - Level 16.0 Ranged Weapons
 + Level 3.9 Armour
 * Level 6.9 Dodging
 - Level 1.0 Stealth


You had 10 spell levels left.
You didn't know any spells.
Your spell library contained the following spells:

 Spells                   Type           Power      Damage    Failure   Level
 Conjure Ball Lightning   Conj/Air       0%         3x3d7     100%        6
 Discord                  Hex            0%         N/A       100%        8
 Disjunction              Tloc           0%         N/A       100%        8


Dungeon Overview and Level Annotations

Branches:
Dungeon (11/15)            Temple (1/1) D:5             Orc (2/2) D:9
    Elf (0/3) Orc:2
   Lair: D:8-11

Altars:
Ashenzari
Cheibriados
Dithmenos
Elyvilon
Fedhas
Gozag
Hepliaklqana
Kikubaaqudgha
Makhleb
Nemelex Xobeh
Okawaru
Qazlal
Ru
Sif Muna
Trog
Uskayaw
Vehumet
Wu Jian
Xom
Yredelemnul
Zin
The Shining One

Shops:
D:4 *   D:5 ::   D:9 :   D:10 ?*=??


Innate Abilities, Weirdness & Mutations

You have a beak for a mouth.
You have claws for feet.
Your magical nature lets you fly swiftly and evasively.


Message History

Press: ? - help, Q - select action, (/) - cycle Shift-Dir - straight line, f/p - boulder beetle
Aim: a boulder beetle (moderately wounded, 92% to hit)
You shoot an arrow. The arrow hits the boulder beetle!
The boulder beetle is moderately wounded.
The boulder beetle closely misses you.
Fire: a) +4 shortbow
Press: ? - help, Q - select action, (/) - cycle Shift-Dir - straight line, f/p - boulder beetle
Aim: a boulder beetle (moderately wounded, 92% to hit)
You shoot an arrow.
The arrow hits the boulder beetle but does no damage.
The boulder beetle is moderately wounded.
The boulder beetle misses you.
Fire: a) +4 shortbow
Press: ? - help, Q - select action, (/) - cycle Shift-Dir - straight line, f/p - boulder beetle
Aim: a boulder beetle (moderately wounded, 92% to hit)
You shoot an arrow.
The arrow hits the boulder beetle but does no damage.
The boulder beetle is moderately wounded.
Fire: a) +4 shortbow
Press: ? - help, Q - select action, (/) - cycle Shift-Dir - straight line, f/p - boulder beetle
Aim: a boulder beetle (moderately wounded, 92% to hit)
You shoot an arrow.
The arrow hits the boulder beetle but does no damage.
The boulder beetle is moderately wounded.
The boulder beetle bites you!
* * * LOW HITPOINT WARNING * * *
Fire: a) +4 shortbow
Press: ? - help, Q - select action, (/) - cycle Shift-Dir - straight line, f/p - boulder beetle
Aim: a boulder beetle (moderately wounded, 92% to hit)
You shoot an arrow. The arrow hits the boulder beetle.
The boulder beetle is moderately wounded.
The boulder beetle bites you but does no damage.
Fire: a) +4 shortbow
Press: ? - help, Q - select action, (/) - cycle Shift-Dir - straight line, f/p - boulder beetle
Aim: a boulder beetle (moderately wounded, 92% to hit)
You shoot an arrow.
The arrow hits the boulder beetle but does no damage.
The boulder beetle is moderately wounded.
The boulder beetle bites you!!
You die...

..............+
########...####
##.#### #.##.##
#.#..(##
#...<..#
###...##
#####.######.###
#.......@B......
#.###.###.#...##
#.# ... ... #.#
..... . #..
....## ### ..#.#
..... .## ##


You could see a boulder beetle.

Vanquished Creatures
  Erica (D:9)
  2 two-headed ogres
  A death yak (D:10)
  Pikel (D:7)
  Psyche (D:10)
  2 hornets
  A troll (D:9)
  A wyvern (D:7)
  4 yaks (D:8)
  3 acid dragons
  2 water moccasins
  5 orc warriors
  A sky beast (D:8)
  2 ogres (D:6)
  2 ice beasts
  3 centaurs
  A lemure (D:7)
  A phantom (D:7)
  A kobold brigand (D:6)
  A gnoll sergeant (D:10)
  5 bullfrogs
  2 scorpions
  The ghost of wzrd the Cudgeller, a weakling MiBe of Trog (D:3)
  3 killer bees (D:7)
  4 howler monkeys
  6 hounds
  2 jellies (D:6)
  5 orc priests
  2 iguanas
  Terence (D:2)
  9 orc wizards
  A hell rat (D:10)
  4 gnolls (D:10)
  2 river rats (D:10)
  11 adders
  A shadow imp (D:7)
  A white imp (D:6)
  2 worms
  2 dart slugs (D:1)
  42 orcs
  2 bats
  6 endoplasms
  3 giant cockroaches
  13 goblins
  10 hobgoblins
  4 jackals (D:1)
  6 quokkas
  6 ball pythons
  2 frilled lizards
  10 kobolds
  12 rats
216 creatures vanquished.

Vanquished Creatures (others)
  7 plants (D:5)
7 creatures vanquished.

Grand Total: 223 creatures vanquished

Notes
Turn   | Place    | Note
-------+----------+-------------------------------------------
     0 | D:1      | HoaS the Tengu Hunter began the quest for the Orb.
     0 | D:1      | Reached XP level 1. HP: 12/12 MP: 2/2
    77 | D:1      | Reached XP level 2. HP: 17/17 MP: 3/3
    80 | D:1      | Reached skill level 5 in Ranged Weapons
   363 | D:1      | Reached XP level 3. HP: 21/21 MP: 4/4
  1051 | D:2      | Found a faded altar of an unknown god.
  1188 | D:2      | Noticed Terence
  1197 | D:2      | Killed Terence
  1198 | D:2      | Reached skill level 6 in Ranged Weapons
  1198 | D:2      | Reached XP level 4. HP: 26/26 MP: 5/5
  1291 | D:2      | Gained mutation: Your magical nature lets you fly swiftly
                  | and evasively. [Tengu growth]
  1291 | D:2      | Reached XP level 5. HP: 30/30 MP: 6/6
  1615 | D:3      | Found a runed translucent door.
  1920 | D:3      | Reached skill level 7 in Ranged Weapons
  2006 | D:3      | Found a bloodstained altar of Trog.
  2229 | D:3      | Noticed wzrd's ghost (weakling MiBe)
  2244 | D:3      | Reached XP level 6. HP: 19/35 MP: 7/7
  2616 | D:4      | Reached skill level 8 in Ranged Weapons
  2915 | D:4      | Found Xufoezxughi's Neck Hole.
  2921 | D:4      | Bought a +0 cloak for 54 gold pieces
  3292 | D:5      | Entered Level 5 of the Dungeon
  3392 | D:5      | Reached skill level 9 in Ranged Weapons
  3392 | D:5      | Reached XP level 7. HP: 40/40 MP: 8/8
  3499 | D:5      | Found Feaseora's Self-Improvement Boutique.
  3523 | D:5      | Found Cuekit's Book Shop.
  3548 | D:5      | Found a hazy altar of Hepliaklqana.
  3626 | D:5      | Found a staircase to the Ecumenical Temple.
  3637 | Temple   | Entered the Ecumenical Temple
  3746 | Temple   | Became a worshipper of Makhleb the Destroyer
  4037 | D:5      | Reached skill level 10 in Ranged Weapons
  4168 | D:6      | Identified a scroll of acquirement
  4168 | D:6      | Acquired 502 gold pieces
  4184 | D:6      | Noticed a two-headed ogre
  4319 | D:6      | Reached XP level 8. HP: 44/44 MP: 9/9
  4443 | D:6      | Reached skill level 11 in Ranged Weapons
  4830 | D:6      | Killed a two-headed ogre
  4830 | D:6      | Reached * piety under Makhleb
  4831 | D:6      | Reached skill level 13 in Ranged Weapons
  4831 | D:6      | Reached XP level 9. HP: 33/48 MP: 10/10
  5686 | D:3      | Killed wzrd's ghost
  5939 | D:7      | Noticed Pikel
  6203 | D:7      | Killed Pikel
  6204 | D:7      | Reached skill level 14 in Ranged Weapons
  6248 | D:7      | Found a glowing silver altar of Zin.
  6249 | D:7      | Found a basalt altar of Yredelemnul.
  6249 | D:7      | Found an iron altar of Okawaru.
  6250 | D:7      | Found a radiant altar of Vehumet.
  6671 | D:7      | Found an ornate altar of the Wu Jian Council.
  6694 | D:7      | Found a shadowy altar of Dithmenos.
  6738 | D:7      | Found a white marble altar of Elyvilon.
  6741 | D:7      | Reached skill level 15 in Ranged Weapons
  7339 | D:8      | Reached XP level 10. HP: 53/53 MP: 11/11
  7436 | D:8      | Reached ** piety under Makhleb
  7588 | D:8      | Found a broken altar of Ashenzari.
  7592 | D:8      | Found a sparkling altar of Nemelex Xobeh.
  7621 | D:8      | Found a shimmering altar of Xom.
  7627 | D:8      | Found a sacrificial altar of Ru.
  7706 | D:8      | Reached skill level 16 in Ranged Weapons
  8279 | D:9      | Noticed a +0 falchion
  8282 | D:9      | Noticed a +0 short sword
  8283 | D:9      | Noticed a +0 spear
  8283 | D:9      | Noticed a +0 dagger
  8283 | D:9      | Noticed a +0 short sword
  8283 | D:9      | Noticed a +0 spear
  8283 | D:9      | Noticed a +0 falchion
  8283 | D:9      | Noticed a +0 dagger
  8290 | D:9      | Noticed a two-headed ogre
  8344 | D:9      | Killed a two-headed ogre
  8345 | D:9      | Reached skill level 1 in Armour
  8360 | D:9      | Found a hide-covered altar of Uskayaw.
  8763 | D:9      | Found a staircase to the Orcish Mines.
  8827 | D:9      | Reached skill level 5 in Dodging
  9047 | D:9      | Found Cousmeexu's Book Shoppe.
  9190 | D:10     | Entered Level 10 of the Dungeon
  9252 | D:10     | Noticed a death yak
  9252 | D:10     | Noticed a death yak
  9252 | D:10     | Noticed a death yak
  9294 | Orc:1    | Entered Level 1 of the Orcish Mines
  9300 | Orc:1    | Noticed Erica
  9757 | D:9      | Killed Erica
  9758 | D:9      | Reached skill level 5 in Fighting
  9758 | D:9      | Reached XP level 11. HP: 37/64 MP: 12/12
 10015 | Orc:2    | Entered Level 2 of the Orcish Mines
 10015 | Orc:2    | Found a staircase to the Elven Halls.
 10028 | Orc:2    | Reached *** piety under Makhleb
 10052 | Orc:2    | Noticed an orc knight
 10420 | D:10     | Found a snail-covered altar of Cheibriados.
 10420 | D:10     | Found a shimmering blue altar of Sif Muna.
 10432 | D:10     | Found Xinev's Magic Scroll Boutique.
 10441 | D:10     | Noticed Psyche
 10468 | D:10     | Killed Psyche
 10559 | D:10     | Found Fukhiajo's Magic Scroll Boutique.
 10562 | D:10     | Found Nucsig's Jewellery Boutique.
 10563 | D:10     | Found Menezae's General Store.
 10565 | D:10     | Bought a scroll of identify for 32 gold pieces
 10565 | D:10     | Bought a scroll of identify for 32 gold pieces
 10565 | D:10     | Bought a scroll of identify for 32 gold pieces
 10573 | D:10     | Bought a scroll of identify for 28 gold pieces
 10573 | D:10     | Bought a scroll of enchant weapon for 105 gold pieces
 10573 | D:10     | Bought a scroll of teleportation for 42 gold pieces
 10579 | D:10     | Bought a +4 ring of protection for 612 gold pieces
 10635 | D:10     | Found Axzutzag's Magic Scroll Shoppe.
 10643 | D:10     | Bought a scroll of identify for 28 gold pieces
 10643 | D:10     | Bought a scroll of identify for 28 gold pieces
 10643 | D:10     | Bought a scroll of teleportation for 42 gold pieces
 10813 | D:10     | Killed a death yak
 11052 | D:10     | Paralysed by a hornet for 3 turns
 11696 | D:11     | Noticed a boulder beetle
 11720 | D:11     | Mangled by a boulder beetle

Illustrated notes

Levels and vault maps discovered:
D:1:      pf_arrival_petrified_forest, layout_basic, minmay_misc_feat_chi,
          nrook_mini_vaults
D:2:      layout_basic, nicolae_ecumenical_lake_church, uniq_terence
D:3:      cheibrodos_greedy_goblins, layout_basic, amcnicky_altar_gilded,
          ebering_ghost_sewer_d
D:4:      layout_loops_ring, nicolae_shop_sticking_my_neck_out
D:5:      layout_loops_ring, nicolae_hepliaklqana_hazy_memory,
          minmay_temple_entry_junction_2, serial_shops, nicolae_square_shop,
          nicolae_shop_self_help
D:6:      layout_basic
D:7:      layout_basic, overflow_temple_1_default, old_standard_altar,
          lemuel_round_altar, chequers_temple_overflow_statue_of_worship,
          serial_co_window_serial, co_window_of_opportunity_a,
          co_window_corner_a, co_window_of_opportunity_a, co_window_corner_a,
          co_window_corner_a, co_window_2corner, co_window_2corner,
          co_window_of_opportunity_b, co_window_paths_c, co_window_corner_ca,
          glass_columns_c, glass_columns_a, glass_columns_a, glass_columns_c,
          glass_columns_a, uniq_pikel
D:8:      layout_basic, nicolae_overflow_hidden_temple, minmay_crossroads
D:9:      layout_loops_corners, nicolae_uskayaw_en_pointe, orc_0_dummy,
          serial_shops, kennysheep_mini_moat
D:10:     layout_roguey, gammafunk_temple_overflow_elements, dpeg_lair_monsters,
          serial_shops, shop, minmay_shop_grid_forest, uniq_psyche
D:11:     layout_loops_corners
Temple:   nicolae_temple_two_arcs
Orc:1:    layout_caves, serial_shops, nicolae_diamond_shop, uniq_erica
Orc:2:    st_orc_rangers, layout_caves

Skill      XL: |  1  2  3  4  5  6  7  8  9 10 11 |
---------------+----------------------------------+-----
Ranged Weapons | 5 6 7 9 10 13 15 16 | 16.0
Dodging        | 5 6 |  6.9
Fighting       | 5 6 |  6.3
Armour         | 3 |  3.9
Stealth        | |  1.0

Action                   |  1- 3 |  4- 6 |  7- 9 | 10-12 || total
-------------------------+-------+-------+-------+-------++-------
 Fire: Shortbow          |    81 |   144 |   297 |   461 ||   983
Throw: Throwing net      |     1 |       |       |     2 ||     3
  Use: Scroll            |     8 |     7 |     7 |    11 ||    33
       Potion            |       |     3 |     1 |     1 ||     5
Armor: Leather armour    |     1 |    11 |    12 |     6 ||    30
       Acid dragon scale |       |       |       |    28 ||    28
Dodge: Dodged            |     5 |    53 |   109 |   218 ||   385

Table legend: (Time is in decaauts)
 A = Elapsed time spent in this place.
 B = Non-inter-level travel time spent in this place.
 C = Inter-level travel time spent in this place.
 D = Time resting spent in this place.
 E = Time spent auto-exploring this place.
 F = Levels seen in this place.
 G = Mean time per level.
                   A        B        C        D        E       F      G
               +--------+--------+--------+--------+--------+-----+--------+
         Total |  11018 |  10530 |    488 |   2827 |   5548 |  14 |  787.0 |
       Dungeon |  10680 |  10203 |    477 |   2736 |   5424 |  11 |  970.9 |
        Temple |    108 |     99 |      9 |      0 |     72 |   1 |  108.0 |
  Orcish Mines |    230 |    228 |      2 |     91 |     50 |   2 |  115.0 |
               +--------+--------+--------+--------+--------+-----+--------+

Top non-repeatable levels by time:
     D:9: 1791 daAuts
     D:7: 1260 daAuts
    D:10: 1220 daAuts
     D:6: 1148 daAuts
     D:2: 955 daAuts
     D:8: 937 daAuts
     D:3: 930 daAuts
     D:4: 881 daAuts
     D:1: 850 daAuts
     D:5: 650 daAuts
   Orc:1: 193 daAuts
  Temple: 108 daAuts
    D:11: 54 daAuts
   Orc:2: 37 daAuts
